 Dungeon Crawl Stone Soup version 0.28.0-62-gf88900778d (webtiles) character file.

Game seed: 16349588929688785263

58 cbfl8 the Skirmisher (level 3, -1/51 HPs)
             Began as a Minotaur Berserker on June 29, 2023.
             Was a Believer of Trog.
             Slain by Grinder (4 damage)
             ... on level 3 of the Dungeon.
             The game lasted 00:01:01 (2065 turns).

cbfl8 the Skirmisher (Minotaur Berserker)           Turns: 2065, Time: 00:01:02

Health: -1/51      AC:  2    Str: 21    XL:     3   Next: 76%
Magic:  2/2        EV: 12    Int:  4    God:    Trog [**....]
Gold:   91         SH:  0    Dex: 11    Spells: 2/2 levels left

rFire   . . .      SeeInvis .   a - +0 hand axe
rCold   . . .      Faith    .   (no shield)
rNeg    . . .      Spirit   .   b - +0 animal skin
rPois   .          Reflect  .   (helmet restricted)
rElec   .          Harm     .   (no cloak)
rCorr   .          Rampage  .   (no gloves)
Will    .....                   (no boots)
Stlth   ..........              (no amulet)
HPRegen 0.17/turn               (no ring)
MPRegen 0.08/turn               (no ring)

@: berserking, very quick
A: horns 2, retaliatory headbutt
a: Renounce Religion, Berserk, Trog's Hand


You were on level 3 of the Dungeon.
You worshipped Trog.
Trog was pleased with you.
You visited 1 branch of the dungeon, and saw 3 of its levels.

You collected 91 gold pieces.

Inventory:

Hand Weapons
 a - a +0 hand axe (weapon)
Armour
 b - a +0 animal skin (worn)
Wands
 k - a wand of flame (14)
Scrolls
 c - a scroll of noise {unknown}
 d - a scroll of identify {unknown}
 e - 2 scrolls of magic mapping
 h - 2 scrolls of teleportation
 i - a scroll of enchant weapon {unknown}
Potions
 f - a potion of ambrosia {unknown}
 g - 2 potions of curing
 j - a potion of haste {unknown}


   Skills:
 + Level 4.5 Fighting
 + Level 4.1 Axes
 + Level 2.5 Armour
 + Level 2.3 Dodging
 * Level 1.5 Evocations


You had 2 spell levels left.
You didn't know any spells.
Your spell library was empty.

Dungeon Overview and Level Annotations

Branches:
Dungeon (3/15)

Altars:

Annotations:
D:3 Grinder


Innate Abilities, Weirdness & Mutations

You have a pair of horns on your head.
You reflexively headbutt those who attack you in melee.


Message History

Grinder shouts!
Found a stone staircase leading down.
There is a stone staircase leading up here.
Grinder is nearby!
Grinder is nearby!
Grinder is nearby!
Grinder hits you but does no damage.
A red film seems to cover your vision as you go berserk!
You feel yourself moving faster!
You feel mighty! Grinder closely misses you. You furiously retaliate!
You headbutt Grinder! You barely miss Grinder.
Grinder is moderately wounded.
You closely miss Grinder.
Grinder is moderately wounded.
Grinder gestures at you. Pain shoots through your body!
You hit Grinder.
Grinder is heavily wounded.
Grinder says, "Don't move a muscle."
Grinder hits you!
You writhe in agony.
You barely miss Grinder.
Grinder is heavily wounded.
Grinder hits you.
You writhe in agony.
You slash Grinder!
Grinder is severely wounded.
You hit Grinder.
Grinder is severely wounded.
Grinder hits you!
* * * LOW HITPOINT WARNING * * *
Unknown command.
You barely miss Grinder.
Grinder is severely wounded.
Grinder drinks a potion.
Grinder is healed!
Unknown command.
You completely miss Grinder.
Grinder is severely wounded.
Grinder hits you.
* * * LOW HITPOINT WARNING * * *
You writhe in agony.
You die...

#. . #.... #..
. ...# #...
.###...#
#...###....###
#....#.>.....#
#.....<......#
#.........#...
##........#.#
#.....@....#
##....5..#.#
#.....### #
###.... ...##
.... .#...
###...


You could see Grinder.

Vanquished Creatures
  2 adders (D:2)
  A worm (D:2)
  3 dart slugs
  5 endoplasms
  2 giant cockroaches (D:2)
  2 goblins
  A hobgoblin (D:2)
  3 kobolds
  2 ball pythons (D:2)
  5 bats
  2 frilled lizards (D:2)
  3 rats (D:2)
31 creatures vanquished.

Notes
Turn   | Place    | Note
-------+----------+-------------------------------------------
     0 | D:1      | cbfl8 the Minotaur Berserker began the quest for the Orb.
     0 | D:1      | Reached XP level 1. HP: 19/19 MP: 0/0
   250 | D:1      | Reached XP level 2. HP: 23/27 MP: 1/1
   960 | D:2      | Reached skill level 1 in Evocations
  1002 | D:2      | Reached XP level 3. HP: 16/33 MP: 2/2
  1258 | D:2      | Reached ** piety under Trog
  2053 | D:3      | Noticed Grinder
  2065 | D:3      | Slain by Grinder

Illustrated notes

Levels and vault maps discovered:
D:1:      lightli_arrival_boilingwater, layout_loops_cross, minmay_cut_off
D:2:      layout_loops_ring
D:3:      minmay_wonky_spiral, layout_loops_ring,
          hellmonk_ecumenical_altar_arch_garden, amcnicky_mini_pool_small,
          grunt_decor_resistance, nrook_campfire, uniq_grinder, uniq_robin

Skill      XL: |  1  2  3 |
---------------+----------+-----
Fighting       | 4 |  4.5
Evocations     | 1 |  1.5
Axes           | 4 |  4.1
Armour         | |  2.5
Dodging        | |  2.3

Action                   || total
-------------------------++-------
Melee: Hand axe          ||    63
       Headbutt          ||    10
Invok: Berserk           ||     1
  Use: Scroll            ||     2
Armor: Animal skin       ||     6
Dodge: Dodged            ||    36
